 Dungeon Crawl Stone Soup version 0.27.1-33-g824d729ab1 (webtiles) character file.

Game seed: 2039522838886202476

480 Descartes the Magician (level 6, 0/26 (28) HPs)
             Began as a Spriggan Conjurer on Dec 31, 2021.
             Slain by Edmund (1 damage)
             ... on level 4 of the Dungeon.
             The game lasted 00:16:20 (4779 turns).

Descartes the Magician (Spriggan Conjurer)          Turns: 4779, Time: 00:16:21

HP:   0/26 (28)     AC:  2    Str:  5    XL:     6   Next: 86%
MP:   5/16          EV: 19    Int: 19    God:
Gold: 139           SH:  0    Dex: 16    Spells: 9/17 levels left

rFire    . . .     SeeInvis +   w - +3 short sword (flame)
rCold    . . .     Faith    .   (shield restricted)
rNeg     . . .     Spirit   .   a - +0 robe
rPois    +         Reflect  .   (helmet restricted)
rElec    .         Harm     .   (no cloak)
rCorr    .         Rampage  .   (gloves unavailable)
Will     +....                  (boots unavailable)
Stlth    ++........             (no amulet)
HPRegen  0.08/turn              (no ring)
MPRegen  0.15/turn              (no ring)

@: drained, very quick
A: very small, no large weapons, unfitting armour, see invisible, speed 3, agile
1, sense surroundings 1, poison resistance
a: no special abilities


You were on level 4 of the Dungeon.
You visited 1 branch of the dungeon, and saw 4 of its levels.
You also visited: Sewer.

You collected 139 gold pieces.

Inventory:

Hand Weapons
 d - a +0 club
 f - a +0 dagger of draining
 t - a +0 hand crossbow
 w - a +3 short sword of flaming (weapon)
Missiles
 j - 21 stones
 k - 82 arrows
 r - 2 poisoned darts
 u - 26 bolts
Armour
 a - a +0 robe (worn)
Scrolls
 e - a scroll of teleportation
 l - a scroll of enchant weapon {unknown}
 n - a scroll of blinking {unknown}
 o - a scroll of enchant armour {unknown}
 s - a scroll of fog {unknown}
 v - a scroll of summoning {unknown}
Potions
 b - a potion of resistance {unknown}
 c - a potion of cancellation {unknown}
 g - 3 potions of brilliance
 h - a potion of invisibility {unknown}
 i - 2 potions of degeneration
 m - 2 potions of flight {unknown}
 q - a potion of magic {unknown}
Miscellaneous
 p - a phantom mirror


   Skills:
 - Level 5.0 Dodging
 - Level 3.0 Stealth
 + Level 6.1 Spellcasting
 + Level 4.5 Conjurations


You had 9 spell levels left.
You knew the following spells:

 Your Spells              Type           Power      Damage    Failure   Level
a - Magic Dart            Conj           92%        1d7       1%          1
b - Searing Ray           Conj           46%        3d4       2%          2
c - Fireball              Conj/Fire      7%         3d5       77%         5

Your spell library contained the following spells:

 Spells                   Type           Power      Damage    Failure   Level
 Animate Skeleton         Necr           10%        N/A       11%         1
 Pain                     Necr           20%        1d5       11%         1
 Dazzling Flash           Conj/Hex       28%        N/A       13%         3
 Vampiric Draining        Necr           2%         2d6       32%         3
 Fulminant Prism          Conj/Hex       7%         3d7       41%         4
 Iskenderun's Mystic Bla  Conj/Tloc      14%        2d5       41%         4
 Starburst                Conj/Fire      7%         6d4       100%        6
 Ignition                 Fire           2%         3d3       100%        8


Dungeon Overview and Level Annotations

Branches:
Dungeon (4/15)              Sewer (visited)
 Temple: D:4-7

Altars:
Cheibriados

Annotations:
D:4 Edmund


Innate Abilities, Weirdness & Mutations

You are very small and have problems with some larger weapons.
You are too small for most types of armour.
You have supernaturally acute eyesight. (SInv)
You cover ground extremely quickly. (Speed+++)
You are agile. (Dex +2)
You passively map a small area around you.
Your system is resistant to poisons. (rPois)


Message History

The magic dart hits Edmund but does no damage.
Edmund is lightly wounded.
Casting: Magic Dart (safe; 1% risk of failure)
Confirm with . or Enter, or press ? or * to list all spells.
Aiming: Searing Ray (safe; 2% risk of failure)
Press: ? - help, Shift-Dir - straight line, f/p - Edmund
Aim: Edmund, wielding a +1 flail of draining and wearing a +0 ring mail (81% to hit)
The searing ray hits Edmund.
Edmund is lightly wounded. (Press . to maintain the ray.)
The searing ray hits Edmund.
Edmund is lightly wounded.
The searing ray hits Edmund.
Edmund is moderately wounded.
The searing ray hits Edmund but does no damage.
Edmund is moderately wounded.
You finish channeling your searing ray.
Edmund barely misses you.
Edmund gestures with his flail.
Casting: Searing Ray (safe; 2% risk of failure)
Confirm with . or Enter, or press ? or * to list all spells.
Aiming: Searing Ray (safe; 2% risk of failure)
Press: ? - help, Shift-Dir - straight line, f/p - Edmund
Aim: Edmund, wielding a +1 flail of draining and wearing a +0 ring mail (moderately wounded, 81% to hit)
The searing ray misses Edmund. (Press . to maintain the ray.)
The searing ray hits Edmund.
Edmund is moderately wounded.
The searing ray hits Edmund.
Edmund is heavily wounded.
Edmund hits you with a +1 flail of draining!
Ouch! That really hurt!
You feel drained.
* * * LOW HITPOINT WARNING * * *
The searing ray hits Edmund.
Edmund is heavily wounded.
You finish channeling your searing ray.
Edmund hits you with a +1 flail of draining!
* * * LOW HITPOINT WARNING * * *
You feel drained.
You die...

######## #......#
#.#....#
#..###.##########
#..#>............
#..#.#.###.######
#.#...## #.......
##.##.## #.######
#@.##.## #.#
#@##...####'###
#.#..###......##
#.####......[..##
#.###...........#
#.##............#
#.##...≈≈≈≈≈....#
#.#....≈.[..8...#
#.#....≈.8.≈....#


You could see Edmund.

Vanquished Creatures
  Purgy (Sewer)
  A black bear (D:4)
  An orc priest (D:3)
  A hound (D:3)
  Terence (D:2)
  An orc wizard (D:3)
  A mummy (D:4)
  A gnoll (D:4)
  7 adders
  2 adder skeletons (D:4)
  5 dart slugs
  9 orcs
  2 ball pythons
  2 bats (D:2)
  5 endoplasms
  5 giant cockroaches
  6 goblins
  4 hobgoblins
  6 jackals (D:1)
  6 kobolds
  5 quokkas
  3 frilled lizards
  6 rats
81 creatures vanquished.

Notes
Turn   | Place    | Note
-------+----------+-------------------------------------------
     0 | D:1      | Descartes the Spriggan Conjurer began the quest for the
                  | Orb.
     0 | D:1      | Reached XP level 1. HP: 9/9 MP: 5/5
   208 | D:1      | Reached skill level 3 in Spellcasting
   307 | D:1      | Reached XP level 2. HP: 12/13 MP: 2/7
  1134 | D:2      | Noticed Terence
  1333 | D:1      | Reached XP level 3. HP: 10/16 MP: 3/8
  1681 | D:2      | Killed Terence
  1682 | D:2      | Reached XP level 4. HP: 13/21 MP: 3/10
  2008 | D:2      | Found a faded altar of an unknown god.
  2444 | D:3      | Reached skill level 4 in Spellcasting
  2504 | D:3      | Found a glowing drain.
  2586 | Sewer    | Entered a sewer
  2861 | Sewer    | Noticed Purgy
  2892 | Sewer    | Gained mutation: Your system is resistant to poisons.
                  | (rPois) [potion of mutation]
  2892 | Sewer    | Gained mutation: You passively map a small area around you.
                  | [potion of mutation]
  2892 | Sewer    | Gained mutation: You are agile. (Dex +2) [potion of
                  | mutation]
  2899 | Sewer    | Learned a level 2 spell: Searing Ray
  2910 | Sewer    | Killed Purgy
  2911 | Sewer    | Reached skill level 5 in Dodging
  2911 | Sewer    | Reached XP level 5. HP: 12/24 MP: 2/13
  3593 | D:3      | Reached skill level 5 in Spellcasting
  3593 | D:3      | Reached XP level 6. HP: 6/28 MP: 2/14
  4509 | D:4      | Found a snail-covered altar of Cheibriados.
  4625 | D:4      | Reached skill level 6 in Spellcasting
  4631 | D:4      | Learned a level 5 spell: Fireball
  4764 | D:4      | Noticed Edmund
  4779 | D:4      | HP: 1/27 [Edmund (7)]
  4779 | D:4      | Slain by Edmund

Illustrated notes

Levels and vault maps discovered:
D:1:      noname_arrival_rooms_in_the_neighbourhood, layout_basic
D:2:      layout_basic, hellmonk_ecumenical_altar_leap_of_faith, minivault_11,
          dk_noncrumbling_3, uniq_terence
D:3:      layout_loops_ring, gup_sewer_entry_pipe, grunt_ministairs_6
D:4:      minmay_bubble_buster, layout_loops_ring, slow_altar_1, serial_shops,
          nicolae_shop_stone, chequers_serial_rivers_marsh, kennysheep_potato,
          uniq_grinder, uniq_menkaure, uniq_edmund

Skill      XL: |  1  2  3  4  5  6 |
---------------+-------------------+-----
Conjurations   | 3 4 |  4.5
Dodging        | 3 4 5 |  5.0
Spellcasting   | 3 4 5 6 |  6.1
Stealth        | |  3.0

Action                   |  1- 3 |  4- 6 || total
-------------------------+-------+-------++-------
Melee: Dagger            |    13 |    25 ||    38
       Short sword       |       |     1 ||     1
 Cast: Magic Dart        |    74 |   108 ||   182
       Searing Ray       |       |    16 ||    16
  Use: Potion            |       |     5 ||     5
       Scroll            |       |     2 ||     2
Armor: Robe              |       |     3 ||     3
Dodge: Dodged            |     6 |    41 ||    47
